PAA
SUN PRAIRIE SWALLOWS @ CASPER GHOSTS
07/31/2023
 
TOP OF THE 1ST
Sun Prairie Swallows batting - Pitching for Casper Ghosts : RHP Jeremy de Vos
Pitching: RHP Jeremy de Vos
Batting: RHB José Silva 0-0: Called Strike
0-1: SINGLE (Line Drive, 5D)
Batting: RHB Matías Torrella 0-0: Ball
1-0: Called Strike
1-1: Ball
2-1: SINGLE (Line Drive, 78S)
José Silva to second
Batting: RHB Luis Tapia 0-0: Ball
1-0: Called Strike
1-1: Called Strike
1-2: Strikes out swinging
Batting: SHB Christos Galpin 0-0: Swinging Strike
0-1: SINGLE (Groundball, 6MD)
José Silva to third
Matías Torrella to second
Runner from 3rd tries for Home, SAFE, no throw or cutoff
Batting: SHB Chris Murray 0-0: Foul Ball, location: 2F
0-1: Ball
1-1: Called Strike
1-2: Ball
2-2: Ground out 3-1 (Groundball, 34)
Matías Torrella to third
Christos Galpin to second
Batting: RHB Reece White 0-0: Ball
1-0: Ball
2-0: Swinging Strike
2-1: 3-RUN HOME RUN (Line Drive, 7LD), Distance : 380 ft
Batting: RHB Darby Carveth 0-0: Ball
1-0: Called Strike
1-1: Fly out, F9 (Flyball, 89M)
Top of the 1st over - 4 run(s), 4 hit(s), 0 error(s), 0 left on base; Sun Prairie 4 - Casper 0
BOTTOM OF THE 1ST
Casper Ghosts batting - Pitching for Sun Prairie Swallows : RHP Henry Yates
Pitching: RHP Henry Yates
Batting: SHB Erjan Kerstens 0-0: Ball
1-0: Ball
2-0: Ball
3-0: Called Strike
3-1: Base on Balls
Batting: RHB Félix Ramos 0-0: Ball
1-0: Fly out, F8 (Line Drive, 8LM)
Batting: LHB Mysterious Walker 0-0: Ball
1-0: Called Strike
1-1: Foul Ball, location: 2F
1-2: Strikes out swinging
Batting: LHB Jim Unknown 0-0: Fly out, F6 (Line Drive, 6M)
Bottom of the 1st over - 0 run(s), 0 hit(s), 0 error(s), 1 left on base; Sun Prairie 4 - Casper 0
TOP OF THE 2ND
Sun Prairie Swallows batting - Pitching for Casper Ghosts : RHP Jeremy de Vos
Batting: RHB Joel Frazier 0-0: Ball
1-0: Foul Ball, location: 2F
1-1: Swinging Strike
1-2: Ball
2-2: Strikes out swinging
Batting: RHB Alfonso López 0-0: Ground out 6-3 (Groundball, 56)
Batting: RHB José Silva 0-0: Called Strike
0-1: Ball
1-1: SINGLE (Flyball, 7LS)
Batting: RHB Matías Torrella 0-0: Ball
1-0: Ball
2-0: SINGLE (Line Drive, 6MD)
José Silva to second
Batting: RHB Luis Tapia 0-0: Called Strike
0-1: 3-RUN HOME RUN (Flyball, 7D), Distance : 390 ft
Batting: SHB Christos Galpin 0-0: Foul Ball, location: 2F
0-1: Ground out U3 (Groundball, 3L)
Top of the 2nd over - 3 run(s), 3 hit(s), 0 error(s), 0 left on base; Sun Prairie 7 - Casper 0
BOTTOM OF THE 2ND
Casper Ghosts batting - Pitching for Sun Prairie Swallows : RHP Henry Yates
Batting: SHB José Juárez 0-0: SOLO HOME RUN (Flyball, 9LD), Distance : 356 ft
Batting: RHB Mark Davis 0-0: Ball
1-0: Ball
2-0: Called Strike
2-1: Foul Ball, location: 2F
2-2: Foul Ball, location: 2F
2-2: Ball
3-2: Base on Balls
Batting: RHB Dave Young 0-0: Fly out, F9 (Line Drive, 9S)
Batting: RHB Lorenzo Díaz 0-0: Ball
1-0: Grounds into double play, U3-6 (Groundball, 3L)
Bottom of the 2nd over - 1 run(s), 1 hit(s), 0 error(s), 0 left on base; Sun Prairie 7 - Casper 1
TOP OF THE 3RD
Sun Prairie Swallows batting - Pitching for Casper Ghosts : RHP Jeremy de Vos
Batting: SHB Chris Murray 0-0: Called Strike
0-1: Called Strike
0-2: Ball
1-2: DOUBLE (Line Drive, 9D)
Pitching: RHP Jim Unknown
Batting: RHB Reece White 0-0: Ball
1-0: Foul Ball, location: 2F
1-1: Ball
2-1: Ball
3-1: 2-RUN HOME RUN (Flyball, 8RXD), Distance : 447 ft
Batting: RHB Darby Carveth 0-0: Foul Ball, location: 2F
0-1: Ball
1-1: Foul Ball, location: 2F
1-2: Strikes out swinging
Batting: RHB Joel Frazier 0-0: Called Strike
0-1: Fly out, F9 (Flyball, 9M)
Batting: RHB Alfonso López 0-0: Ball
1-0: Foul Ball, location: 2F
1-1: Ball
2-1: Swinging Strike
2-2: Ground out 5-3 (Groundball, 56)
Top of the 3rd over - 2 run(s), 2 hit(s), 0 error(s), 0 left on base; Sun Prairie 9 - Casper 1
BOTTOM OF THE 3RD
Casper Ghosts batting - Pitching for Sun Prairie Swallows : RHP Henry Yates
Batting: RHB Ron Coffman 0-0: Called Strike
0-1: Ball
1-1: SOLO HOME RUN (Flyball, 78XD), Distance : 439 ft
Batting: SHB Erjan Kerstens 0-0: Ball
1-0: Called Strike
1-1: Ball
2-1: Ball
3-1: Base on Balls
Batting: RHB Félix Ramos 0-0: Called Strike
0-1: Foul Ball, location: 2F
0-2: Foul Ball, location: 2F
0-2: Foul Ball, location: 2F
0-2: Ball
1-2: Strikes out swinging
Batting: LHB Mysterious Walker 0-0: Called Strike
0-1: Swinging Strike
0-2: Foul Ball, location: 2F
0-2: Fly out, F9 (Flyball, 9S)
Batting: LHB Jim Unknown 0-0: Ball
1-0: Ball
2-0: Called Strike
2-1: Ball
3-1: Called Strike
3-2: Base on Balls
Erjan Kerstens to second
Batting: SHB José Juárez 0-0: Ball
1-0: Ball
2-0: Called Strike
2-1: SINGLE (Line Drive, 4MD)
Erjan Kerstens to third
Jim Unknown to second
Batting: RHB Mark Davis 0-0: Called Strike
0-1: Ball
1-1: Foul Ball, location: 2F
1-2: Strikes out swinging
Bottom of the 3rd over - 1 run(s), 2 hit(s), 0 error(s), 3 left on base; Sun Prairie 9 - Casper 2
TOP OF THE 4TH
Sun Prairie Swallows batting - Pitching for Casper Ghosts : RHP Jim Unknown
Batting: RHB José Silva 0-0: Called Strike
0-1: Foul Ball, location: 2F
0-2: Ball
1-2: Ground out 4-3 (Groundball, 4M)
Batting: RHB Matías Torrella 0-0: Swinging Strike
0-1: Ball
1-1: Ball
2-1: Ground out 1-3 (Groundball, 13)
Batting: RHB Luis Tapia 0-0: DOUBLE (Flyball, 78S)
Batting: SHB Christos Galpin 0-0: Ball
1-0: Ground out 4-3 (Groundball, 34)
Top of the 4th over - 0 run(s), 1 hit(s), 0 error(s), 1 left on base; Sun Prairie 9 - Casper 2
BOTTOM OF THE 4TH
Casper Ghosts batting - Pitching for Sun Prairie Swallows : RHP Henry Yates
Batting: RHB Dave Young 0-0: Called Strike
0-1: Ball
1-1: Foul Ball, location: 2F
1-2: Foul Ball, location: 2F
1-2: Ball
2-2: Ground out 6-3 (Groundball, 6M)
Batting: RHB Lorenzo Díaz 0-0: Called Strike
0-1: Called Strike
0-2: Ball
1-2: Foul Ball, location: 2F
1-2: Ball
2-2: Strikes out swinging
Batting: RHB Ron Coffman 0-0: Ball
1-0: Ball
2-0: Foul Ball, location: 2F
2-1: Ball
3-1: Called Strike
3-2: Ground out 5-3 (Groundball, 5)
Bottom of the 4th over - 0 run(s), 0 hit(s), 0 error(s), 0 left on base; Sun Prairie 9 - Casper 2
TOP OF THE 5TH
Sun Prairie Swallows batting - Pitching for Casper Ghosts : RHP Jim Unknown
Batting: SHB Chris Murray 0-0: Hit by Pitch
Batting: RHB Reece White 0-0: Ball
1-0: Called Strike
1-1: Sac Bunt - play at first, batter OUT! 1-3
Chris Murray to second
Batting: RHB Darby Carveth 0-0: Ball
1-0: Called Strike
1-1: Fly out, F9 (Flyball, 9LM)
Runner from 2nd tags up, OUT at 3rd
Top of the 5th over - 0 run(s), 0 hit(s), 0 error(s), 0 left on base; Sun Prairie 9 - Casper 2
BOTTOM OF THE 5TH
Casper Ghosts batting - Pitching for Sun Prairie Swallows : RHP Henry Yates
Batting: SHB Erjan Kerstens 0-0: Ball
1-0: Ball
2-0: Foul Ball, location: 2F
2-1: Foul Ball, location: 2F
2-2: Strikes out looking
Batting: RHB Félix Ramos 0-0: Swinging Strike
0-1: Foul Ball, location: 2F
0-2: Ground out 1-3 (Groundball, 15)
Batting: LHB Mysterious Walker 0-0: Ball
1-0: Foul Ball, location: 2F
1-1: Fly out, F8 (Line Drive, 8LS)
Bottom of the 5th over - 0 run(s), 0 hit(s), 0 error(s), 0 left on base; Sun Prairie 9 - Casper 2
TOP OF THE 6TH
Sun Prairie Swallows batting - Pitching for Casper Ghosts : RHP Jim Unknown
Batting: RHB Joel Frazier 0-0: Ball
1-0: Ball
2-0: Ball
3-0: Called Strike
3-1: Foul Ball, location: 2F
3-2: Fly out, F7 (Flyball, 78M)
Batting: RHB Alfonso López 0-0: Called Strike
0-1: Ball
1-1: Ground out 6-3 (Groundball, 6M)
Batting: RHB José Silva 0-0: Called Strike
0-1: TRIPLE (Line Drive, 8RM)
Batting: RHB Matías Torrella 0-0: Fly out, F7 (Flyball, 78M)
Top of the 6th over - 0 run(s), 1 hit(s), 0 error(s), 1 left on base; Sun Prairie 9 - Casper 2
BOTTOM OF THE 6TH
Casper Ghosts batting - Pitching for Sun Prairie Swallows : RHP Henry Yates
Batting: LHB Jim Unknown 0-0: Called Strike
0-1: Ball
1-1: Fly out, F7 (Flyball, 7M)
Batting: SHB José Juárez 0-0: Called Strike
0-1: Ball
1-1: Foul Ball, location: 2F
1-2: Foul Ball, location: 2F
1-2: Strikes out swinging
Batting: RHB Mark Davis 0-0: Foul Ball, location: 2F
0-1: Swinging Strike
0-2: Strikes out swinging
Bottom of the 6th over - 0 run(s), 0 hit(s), 0 error(s), 0 left on base; Sun Prairie 9 - Casper 2
TOP OF THE 7TH
Sun Prairie Swallows batting - Pitching for Casper Ghosts : RHP Jim Unknown
Batting: RHB Luis Tapia 0-0: Ball
1-0: Fly out, F1 (Popup, 15S)
Batting: SHB Christos Galpin 0-0: Ball
1-0: Foul Ball, location: 2F
1-1: Foul Ball, location: 2F
1-2: Strikes out swinging
Batting: SHB Chris Murray 0-0: Ball
1-0: Ball
2-0: Called Strike
2-1: Fly out, F7 (Flyball, 7D)
Top of the 7th over - 0 run(s), 0 hit(s), 0 error(s), 0 left on base; Sun Prairie 9 - Casper 2
BOTTOM OF THE 7TH
Casper Ghosts batting - Pitching for Sun Prairie Swallows : RHP Henry Yates
Batting: RHB Dave Young 0-0: Swinging Strike
0-1: Called Strike
0-2: Foul Ball, location: 2F
0-2: Ball
1-2: Strikes out swinging
Batting: RHB Lorenzo Díaz 0-0: Ball
1-0: Ball
2-0: Ball
3-0: Called Strike
3-1: Fly out, F6 (Popup, 6)
Batting: RHB Ron Coffman 0-0: Foul Ball, location: 2F
0-1: Ball
1-1: Ground out 6-3 (Groundball, 6M)
Bottom of the 7th over - 0 run(s), 0 hit(s), 0 error(s), 0 left on base; Sun Prairie 9 - Casper 2
TOP OF THE 8TH
Sun Prairie Swallows batting - Pitching for Casper Ghosts : RHP Jim Unknown
Pitching: RHP José Vega
Batting: RHB Reece White 0-0: Ball
1-0: DOUBLE (Groundball, 5L)
Batting: RHB Darby Carveth 0-0: Swinging Strike
0-1: Bunt missed!
0-2: Ground out 1-3 (Groundball, 15)
Batting: RHB Joel Frazier 0-0: Called Strike
0-1: Foul Ball, location: 2F
0-2: Ball
1-2: DOUBLE (Line Drive, 78M)
Reece White scores
Batting: RHB Alfonso López 0-0: Swinging Strike
0-1: SINGLE (Groundball, 5L)
Joel Frazier to third
Batting: RHB José Silva 0-0: Ball
1-0: Ball
2-0: Called Strike
2-1: Foul Ball, location: 2F
2-2: Ball
Alfonso López is caught stealing 2nd base
3-2: Strikes out swinging
Top of the 8th over - 1 run(s), 3 hit(s), 0 error(s), 1 left on base; Sun Prairie 10 - Casper 2
BOTTOM OF THE 8TH
Casper Ghosts batting - Pitching for Sun Prairie Swallows : RHP Henry Yates
Pitching: RHP Horacio Pérez
Now at 2B: Dan Hart
Batting: SHB Erjan Kerstens 0-0: Ground out 4-3 (Groundball, 4M)
Batting: RHB Félix Ramos 0-0: Called Strike
0-1: Ball
1-1: Ball
2-1: Foul Ball, location: 2F
2-2: Ball
3-2: Base on Balls
Batting: LHB Mysterious Walker 0-0: Ball
1-0: SINGLE (Groundball, 34D)
Félix Ramos to second
Runner from 2nd tries for 3rd, SAFE, no throw or cutoff
Batting: LHB Jim Unknown 0-0: Ball
1-0: Fly out, F2 (Popup, 2LF)
Batting: SHB José Juárez 0-0: Fielders Choice at 2nd, 5-4 (Groundball, 56)
Bottom of the 8th over - 0 run(s), 1 hit(s), 0 error(s), 1 left on base; Sun Prairie 10 - Casper 2
TOP OF THE 9TH
Sun Prairie Swallows batting - Pitching for Casper Ghosts : RHP José Vega
Pitching: RHP Jim Unknown
Batting: RHB Matías Torrella 0-0: Called Strike
0-1: Ground out 6-3 (Groundball, 6)
Batting: RHB Luis Tapia 0-0: SINGLE (Flyball, 6MD)
Batting: SHB Christos Galpin 0-0: SINGLE (Groundball, 56)
Luis Tapia to second
Batting: SHB Chris Murray 0-0: Ball
1-0: Foul Ball, location: 2F
1-1: Ground out 3-1 (Groundball, 34S)
Luis Tapia to third
Christos Galpin to second
Batting: RHB Reece White 0-0: Foul Ball, location: 2F
0-1: SINGLE (Groundball, 3S)
Luis Tapia scores
Christos Galpin to third
Runner from 3rd tries for Home, SAFE, no throw or cutoff
Batting: RHB Darby Carveth 0-0: Called Strike
0-1: Ball
1-1: Foul Ball, location: 2F
1-2: Strikes out looking
Top of the 9th over - 2 run(s), 3 hit(s), 0 error(s), 1 left on base; Sun Prairie 12 - Casper 2
BOTTOM OF THE 9TH
Casper Ghosts batting - Pitching for Sun Prairie Swallows : RHP Horacio Pérez
Now at C: Scott Forrest
Now at 3B: Aurelio Costello
Batting: RHB Mark Davis 0-0: Swinging Strike
0-1: Called Strike
0-2: SINGLE (Line Drive, 7LS)
Batting: RHB Dave Young 0-0: Ball
1-0: Ball
2-0: Foul Ball, location: 2F
2-1: Ball
3-1: Foul Ball, location: 2F
3-2: Foul Ball, location: 2F
3-2: Base on Balls
Mark Davis to second
Batting: RHB Lorenzo Díaz 0-0: Ball
1-0: Grounds into TRIPLE play, U5-4
1-0: Grounds into TRIPLE play, U5-4 (Groundball, 5L)
Bottom of the 9th over - 0 run(s), 1 hit(s), 0 error(s), 0 left on base; Sun Prairie 12 - Casper 2
This league is powered by Out of the Park Baseball, the baseball management simulation game for PC, Mac and Linux
Friday, July 8th, 2016 - OOTP Baseball 16.9 Build 39